 Dungeon Crawl Stone Soup version 0.25-a0-558-g78a2afb0af (webtiles) character file.

Game seed: 1490546449644739921, levelgen mode: deterministic

46 Flugslaktarn the Shield-Bearer (level 3, 0/30 HPs)
             Began as a Formicid Fighter on Feb 24, 2020.
             Slain by a scorpion (1 damage)
             ... on level 3 of the Dungeon.
             The game lasted 00:00:34 (844 turns).

Flugslaktarn the Shield-Bearer (Formicid Fighter)    Turns: 844, Time: 00:00:34

Health: 0/30       AC:  7    Str: 21    XL:     3   Next: 95%
Magic:  3/3        EV:  8    Int:  7    God:
Gold:   29         SH:  9    Dex: 10    Spells: 2/2 levels left

rFire    . . .     SeeInvis +   a - +0 war axe
rCold    . . .     Gourm    .   c - +0 kite shield
rNeg     . . .     Faith    .   b - +0 scale mail
rPois    .         Spirit   .   (helmet unavailable)
rElec    .         Reflect  .   (no cloak)
rCorr    .         Harm     .   (no gloves)
MR       .....                  (no boots)
Stlth    ..........             (no amulet)
HPRegen  0.10/turn              (no ring)
MPRegen  0.08/turn              (no ring)

@: no status effects
A: permanent stasis, dig shafts and tunnels, four strong arms, antennae 3
a: Dig, Shaft Self


You were on level 3 of the Dungeon.
You were not hungry.

You visited 1 branch of the dungeon, and saw 3 of its levels.

You collected 29 gold pieces.

Inventory:

Hand Weapons
 a - a +0 war axe (weapon)
Armour
 b - a +0 scale mail (worn)
 c - a +0 kite shield (worn)
Scrolls
 g - a scroll of enchant weapon {unknown}
Potions
 d - a potion of might
 h - 2 potions of degeneration {unknown}
Comestibles
 e - a ration
 f - 5 chunks of flesh


   Skills:
 + Level 3.6 Fighting
 * Level 2.8 Axes
 + Level 3.7 Armour
 + Level 4.1 Shields


You had 2 spell levels left.
You didn't know any spells.
Your spell library was empty.

Dungeon Overview and Level Annotations

Branches:
Dungeon (3/15)

Altars:


Innate Abilities, Weirdness & Mutations

You cannot be hasted, slowed, berserked, paralysed or teleported.
You can dig through walls and to a lower floor.
Your four strong arms can wield two-handed weapons with a shield.
You have a pair of large antennae on your head. (SInv)


Message History

You are too injured to fight recklessly!
You are too injured to fight recklessly!
You are too injured to fight recklessly!
You are too injured to fight recklessly!
You are too injured to fight recklessly!
You are too injured to fight recklessly!
You are too injured to fight recklessly!
You are too injured to fight recklessly!
You slash the goblin!
You kill the goblin!
You hit the scorpion but do no damage. The scorpion stings you.
* * * LOW HITPOINT WARNING * * *
The scorpion closely misses you. The scorpion stings you!
* * * LOW HITPOINT WARNING * * *
Things that are here:
a +0 mace; 10 gold pieces You block the scorpion's attack.
You hit the scorpion but do no damage. The scorpion stings you.
You die...

#....# ...{....##.#
...##.### #.# ....# #÷#
#. #. .... #.## #..#.
... ##...
#..#.###.#.≈## #....
#........#.≈≈≈ ≈.##..##
#.....@..#.≈≈#≈≈.##..##
#.....s)##.≈≈#≈≈.##..##
#...)...# #≈≈#≈≈. #..##
......%[)# #≈≈≈≈K#
#.#.#
##.....).###≈###≈#
#...# #.....†.$..≈≈≈≈≈#
#.#.# ####.######.....#
#.#.#
###..........###....
###....>....÷<....


You could see a scorpion.

Vanquished Creatures
  2 worms
  2 dart slugs
  4 orcs (D:3)
  2 giant cockroaches (D:2)
  5 goblins
  A hobgoblin (D:2)
  3 jackals (D:1)
  5 kobolds
  3 bats
  4 rats
31 creatures vanquished.

Notes
Turn   | Place    | Note
-------+----------+-------------------------------------------
     0 | D:1      | Flugslaktarn the Formicid Fighter began the quest for the
                  | Orb.
     0 | D:1      | Reached XP level 1. HP: 18/18 MP: 1/1
   264 | D:1      | Reached XP level 2. HP: 21/24 MP: 2/2
   619 | D:2      | Reached XP level 3. HP: 29/29 MP: 3/3
   701 | D:2      | Reached skill level 4 in Shields
   834 | D:3      | Noticed a scorpion
   842 | D:3      | HP: 1/30 [scorpion (8)]
   844 | D:3      | Slain by a scorpion

Levels and vault maps discovered:
D:1:      psy_arrival_basics, layout_rooms
D:2:      layout_loops_cross, uniq_jessica, uniq_terence
D:3:      layout_loops_ring, lemuel_round_altar, first_ration,
          minmay_crystal_water, minmay_shallow_snake_nest

Skill      XL: |  1  2  3 |
---------------+----------+-----
Shields        | 4 |  4.1
Fighting       | |  3.6
Axes           | |  2.8
Armour         | |  3.7

Action                   || total
-------------------------++-------
Melee: War axe           ||    97
 Abil: Dig               ||     1
Armor: Scale mail        ||    54
Dodge: Dodged            ||    48
Block: Kite shield       ||    63

Table legend:
 A = Non-vault XP
 B = Vault XP
 C = Vault XP percentage of total XP
 D = Non-vault monster count
 E = Vault monster count
 F = Vault count percentage of total count
                 A         B        C        D         E       F
            +---------+---------+-------+---------+---------+-------
      Total |      67 |       0 |   0.0 |      31 |       0 |   0.0
            +---------+---------+-------+---------+---------+-------
        D:1 |      21 |       0 |   0.0 |      11 |       0 |   0.0
        D:2 |      21 |       0 |   0.0 |      10 |       0 |   0.0
        D:3 |      25 |       0 |   0.0 |      10 |       0 |   0.0
            +---------+---------+-------+---------+---------+-------
